Unix NetHack Version 3.7.0-84 Work-in-progress - last build May 8 2023 02:49:33 (a521f9c9ba282fe1dbcfd9214424a180692735d4,branch:master). Game began 2023-05-20 23:04:50, ended 2023-05-20 23:34:25. DoktorL, lawful female human Valkyrie ------ |....| #-....| #|....| ---------- --------- ##|.....## |.....`%.|#####........| # ----+-Ee #-........|( |.......| ## @ #|.%%)%%%)-% |.......| # # %o#####|!..%[)%.|%# |...(...| #### #|........|#####|.[.....| # ----------# #%%......| -.---# --------- +...-# |...| |...| ----- DoktorL the Fighter St:18 Dx:15 Co:18 In:8 Wi:10 Ch:9 Lawful S:12165 Dlvl:11 $:0 HP:0(99) Pw:27(27) AC:-9 Xp:9/2778 T:5583 Burdened Latest messages: The hobgoblin swings his quarterstaff. The hobgoblin hits! The hobgoblin swings his quarterstaff. The hobgoblin hits! The hobgoblin swings his quarterstaff. The hobgoblin hits! The hobgoblin swings his quarterstaff. The hobgoblin hits! The hobgoblin swings his quarterstaff. The hobgoblin misses! The hobgoblin swings his quarterstaff. The hobgoblin misses! The hobgoblin swings his quarterstaff. The hobgoblin hits! The hobgoblin swings his quarterstaff. The hobgoblin hits! The hobgoblin swings his quarterstaff. The hobgoblin misses! The hobgoblin swings his quarterstaff. The hobgoblin misses! The hobgoblin swings his quarterstaff. The hobgoblin hits! The hobgoblin swings his quarterstaff. The hobgoblin hits! The hobgoblin swings his quarterstaff. The hobgoblin hits! The hobgoblin swings his quarterstaff. The hobgoblin hits! The hobgoblin swings his quarterstaff. The hobgoblin hits! The hobgoblin swings his quarterstaff. The hobgoblin misses! The hobgoblin swings his quarterstaff. The hobgoblin misses! The hobgoblin swings his quarterstaff. The hobgoblin misses! The hobgoblin swings his quarterstaff. The hobgoblin misses! The hobgoblin swings his quarterstaff. The hobgoblin hits! The hobgoblin swings his quarterstaff. The hobgoblin misses! The hobgoblin swings his quarterstaff. The hobgoblin misses! The earth elemental hits! The hobgoblin swings his quarterstaff. The hobgoblin misses! The earth elemental hits! You die... Do you want your possessions identified? [ynq] (y) Inventory: Weapons F - 2 +0 daggers X - a +0 dagger (at the ready) I - a greased +0 elven dagger R - a +1 spear a - the blessed rustproof +0 Excalibur (weapon in hand) b - the rustproof +0 Mjollnir Armor q - an uncursed rustproof +0 orcish helm (being worn) H - a blessed +1 pair of iron shoes (being worn) c - an uncursed +3 small shield (being worn) v - an uncursed +0 mummy wrapping K - a cursed greased +2 gray dragon scale mail (being worn) Comestibles S - an uncursed surstromming C - 3 uncursed food rations A - 3 uncursed fortune cookies h - 2 uncursed eggs D - an uncursed egg Wands p - a wand of cancellation (0:6) Tools t - a cursed greased bag of holding containing 13 items L - an empty uncursed sack r - a magic flute (0:3) V - an uncursed blindfold named SLEP l - a blessed brass lantern e - an uncursed oil lamp d - a +0 pick-axe s - an uncursed skeleton key U - an uncursed partly used tallow candle Gems/Stones o - an uncursed worthless piece of white glass Contents of the bag of holding: 533 gold pieces an uncursed scroll of confuse monster a blessed scroll of enchant weapon a blessed scroll of earth an uncursed scroll of light 4 uncursed potions of water an uncursed potion of see invisible an uncursed potion of gain energy an uncursed potion of object detection an uncursed potion of extra healing a blessed wand of nothing (0:7) a wand of polymorph (0:4) a wand of light (0:13) DoktorL the Valkyrie's attributes: Background: You were a Fighter, a level 9 human Valkyrie. You were lawful, on a mission for Tyr who was opposed by Odin (neutral) and Loki (chaotic). You were in the Dungeons of Doom, on level 11. You entered the dungeon 5583 turns ago. It was nighttime. There was a new moon in effect when your adventure ended. You had 2778 experience points, 2342 more were needed to attain level 10. Your score was 12165 before end-of-game adjustments. Basics: You had 0 out of 99 hit points. You had all 27 energy points (spell power). Your armor class was -9. Your wallet was empty, but you had 533 zorkmids stashed away in your pack. Autopickup was off. Final Characteristics: Your strength was 18 (limit:18/100). Your dexterity was 15 (limit:18). Your constitution was 18 (limit:18). Your intelligence was 8 (limit:18). Your wisdom was 10 (limit:18). Your charisma was 9 (limit:18). Final Status: You were not hungry. You were burdened; movement was slightly slowed. You were wielding a long sword. You had basic skill with long sword and could have enhanced that. Final Attributes: You were piously aligned. You were magic-protected. You were cold resistant. You were sleep resistant. You were level-drain resistant. You were telepathic. You had automatic searching. You were stealthy. You were fast. You are dead. Miscellaneous: You disabled loading of bones levels. Total elapsed playing time was 29 minutes and 35 seconds. Major events: Turn 1: DoktorL the lawful human Valkyrie entered the dungeon 921: entered the Gnomish Mines 1004: attained the rank of Skirmisher (level 3) 3008: was bestowed with Mjollnir by Tyr 3119: attained the rank of Fighter (level 6) 4156: reached Mine Town 4614: made her first wish - "holy greased +2 gray dragon scale mail", got "a greased gray dragon scale mail" 4625: wished for "holy greased bag of holding", got "a greased bag" 4771: had Excalibur thrown at them by some watery tart 5420: performed her first genocide (shocking spheres) 5583: killed by an earth elemental, while frozen by a floating eye's gaze Vanquished creatures: an elven monarch a wumpus 2 small mimics a wood golem an energy vortex a python a chameleon a cockatrice a leprechaun a scorpion a gnome ruler 2 owlbears a lizard 2 dingoes a plains centaur a Woodland-elf 2 soldier ants 13 bugbears an imp a quasit a mountain nymph 4 Mordor orcs an Uruk-hai a rock mole 2 ponies a fog cloud a yellow light a shrieker 9 gnome leaders a gnomish wizard a kobold mummy a gray ooze a ghoul 7 giant ants a little dog 5 floating eyes 3 kittens 4 dwarves a homunculus 2 kobold leaders a kobold shaman 2 hill orcs 2 rothes 2 giant bats 4 orc zombies 2 wererats a werejackal 7 iguanas 2 killer bees 3 acid blobs a gas spore 4 hobbits 10 hobgoblins a giant rat a cave spider a yellow mold 3 red molds 26 gnomes 10 garter snakes a gnome zombie 10 geckos 9 jackals a fox a kobold 3 sewer rats 7 grid bugs 2 bats 4 lichens 4 kobold zombies 4 newts 213 creatures vanquished. Genocided species: shocking spheres 1 species genocided. Voluntary challenges: You read items or engraved 2 times. You never engraved Elbereth. You genocided 1 type of monster. You never polymorphed an object. You never changed form. You used 2 wishes. You did not wish for any artifacts. Achievements: You entered a shop. You entered the Gnomish Mines. You attained the rank of Skirmisher. You attained the rank of Fighter. You entered Minetown. You entered a temple. The Dungeons of Doom: levels 1 to 11 Level 1: Level 2: A general store, an altar to Tyr, a fountain. Level 3: "vault" A sink. Level 4: A jewelers. Stairs down to The Gnomish Mines. Level 5: Level 6: Many fountains. Oracle of Delphi. Level 7: Level 8: A grave. Level 9: A fountain. Level 10: Level 11: <- You were here. Final resting place for you, killed by an earth elemental, while frozen by a floating eye's gaze. The Gnomish Mines: levels 5 to 7 Level 5: Level 6: Level 7: Many shops, a temple, some fountains, some trees. Game over: ---------- / \ / REST \ / IN \ / PEACE \ / \ | DoktorL | | 533 Au | | killed by an | | earth elemental | | | | | | 2023 | *| * * * | * _________)/\\_//(\/(/\)/\//\/|_)_______ Farvel DoktorL the Valkyrie... You died in The Dungeons of Doom on dungeon level 11 with 12112 points, and 533 pieces of gold, after 5583 moves. You were level 9 with a maximum of 99 hit points when you died.